 Dungeon Crawl Stone Soup version 0.28.0-1-gb440e238dd (webtiles) character file.

Game seed: 4580028203875063351

22 Clumpoid the Shield-Bearer (level 2, 0/29 HPs)
             Began as a Gnoll Fighter on Feb 20, 2022.
             Slain by Jessica (2 damage)
             ... on level 2 of the Dungeon.
             The game lasted 00:00:14 (656 turns).

Clumpoid the Shield-Bearer (Gnoll Fighter)           Turns: 656, Time: 00:00:15

Health: 0/29       AC:  7    Str: 15    XL:     2   Next: 91%
Magic:  2/2        EV:  9    Int:  7    God:
Gold:   66         SH:  5    Dex: 11    Spells: 2/2 levels left

rFire   . . .      SeeInvis .   a - +0 war axe
rCold   . . .      Faith    .   c - +0 buckler
rNeg    . . .      Spirit   .   b - +0 scale mail
rPois   .          Reflect  .   (no helmet)
rElec   .          Harm     .   (no cloak)
rCorr   .          Rampage  .   (no gloves)
Will    .....                   (no boots)
Stlth   ..........              (no amulet)
HPRegen 0.09/turn               (no ring)
MPRegen 0.08/turn               (no ring)

@: slowed, very slow
A: fangs 1, strong nose, distributed training
a: no special abilities


You were on level 2 of the Dungeon.
You visited 1 branch of the dungeon, and saw 2 of its levels.

You collected 66 gold pieces.

Inventory:

Hand Weapons
 a - a +0 war axe (weapon)
Armour
 b - a +0 scale mail (worn)
 c - a +0 buckler (worn)
Scrolls
 e - a scroll of identify {unknown}
Potions
 d - a potion of might
 f - a potion of berserk rage {unknown}
 g - 2 potions of haste {unknown}
 h - a potion of attraction {unknown}
 i - a potion of curing {unknown}


   Skills:
 + Level 6.5 Fighting
 + Level 0.5 Short Blades
 + Level 0.5 Long Blades
 + Level 4.5 Axes
 + Level 0.5 Maces & Flails
 + Level 0.5 Polearms
 + Level 0.5 Staves
 + Level 0.5 Slings
 + Level 0.5 Bows
 + Level 0.5 Crossbows
 + Level 0.5 Throwing
 + Level 6.5 Armour
 + Level 0.5 Dodging
 + Level 0.5 Stealth
 + Level 6.5 Shields
 + Level 0.5 Unarmed Combat
 + Level 0.5 Spellcasting
 + Level 0.4 Conjurations
 + Level 0.4 Hexes
 + Level 0.4 Summonings
 + Level 0.4 Necromancy
 + Level 0.4 Translocations
 + Level 0.4 Transmutations
 + Level 0.4 Fire Magic
 + Level 0.4 Ice Magic
 + Level 0.4 Air Magic
 + Level 0.4 Earth Magic
 + Level 0.4 Poison Magic
 + Level 0.7 Invocations
 + Level 0.5 Evocations


You had 2 spell levels left.
You didn't know any spells.
Your spell library was empty.

Dungeon Overview and Level Annotations

Branches:
Dungeon (2/15)

Altars:

Annotations:
D:2 Jessica


Innate Abilities, Weirdness & Mutations

You have very sharp teeth.
Your uncanny sense of smell can sniff out nearby items.
Your experience applies equally to all skills.


Message History

Pain shoots through your body!
There are monsters nearby!
There are monsters nearby!
There are monsters nearby!
You hit Jessica but do no damage. You block Jessica's attack.
You barely miss Jessica.
Jessica casts a spell.
Jessica blinks!
You slash the endoplasm!
You kill the endoplasm!
Jessica mumbles some strange words.
Jessica blinks!
You see here a scroll labelled SIMNIP DAECUI.
You hit Jessica.
Jessica is moderately wounded.
Jessica closely misses you.
You completely miss Jessica.
Jessica is moderately wounded.
Jessica hits you with a +0 dagger. You block Jessica's attack.
You closely miss Jessica.
Jessica is moderately wounded.
You block Jessica's attack.
You closely miss Jessica.
Jessica is moderately wounded.
Jessica casts a spell at you.
You feel yourself slow down.
Jessica points at you and mumbles some strange words.
Pain shoots through your body!
You are too injured to fight recklessly!
You hit Jessica.
Jessica is severely wounded.
Jessica hits you but does no damage.
Jessica points at you and mumbles some strange words.
Pain shoots through your body!
* * * LOW HITPOINT WARNING * * *
You are too injured to fight recklessly!
You hit Jessica but do no damage.
Jessica is severely wounded.
Jessica hits you but does no damage. Jessica hits you with a +0 dagger.
You die...

#.#.########
#.#........#
#.########>#
#.......##.#
#####......# #......#
######### #......#
........########'##.#
......@@##..†.....†.#
....................####
........##......†...#...
.....##############.#.##
####. ########.#... #
.........#..#
########.#..#
#......#.#..#
#.####.#.####


You could see Jessica.

Vanquished Creatures
  An adder (D:2)
  A dart slug (D:1)
  2 endoplasms
  A goblin (D:1)
  A hobgoblin (D:2)
  2 quokkas
  A bat (D:2)
  A kobold (D:1)
10 creatures vanquished.

Notes
Turn   | Place    | Note
-------+----------+-------------------------------------------
     0 | D:1      | Clumpoid the Gnoll Fighter began the quest for the Orb.
     0 | D:1      | Reached XP level 1. HP: 23/23 MP: 1/1
   200 | D:1      | Found a faded altar of an unknown god.
   238 | D:1      | Reached XP level 2. HP: 27/29 MP: 2/2
   642 | D:2      | Noticed Jessica
   656 | D:2      | Slain by Jessica

Illustrated notes

Levels and vault maps discovered:
D:1:      minmay_arrival_open_corners, layout_basic,
          shapermc_ecumenical_altar_venn, minmay_misc_feat_four_crosses
D:2:      layout_basic, minmay_hexomino_f4, uniq_jessica, uniq_sigmund

Action                   || total
-------------------------++-------
Melee: War axe           ||    22
       Bite              ||     1
Armor: Scale mail        ||     7
Dodge: Dodged            ||     4
Block: Buckler           ||     8
